 Dungeon Crawl Stone Soup version 0.31-a0-246-g8cbcc1cb85 (webtiles) character file.

Game seed: 17611182815746274153

1816032 Vomitron the Invulnerable (level 24, 247/247 HPs)
             Began as a Minotaur Fighter on July 12, 2023.
             Was the Champion of Okawaru.
             Escaped with the Orb
             ... and 3 runes on July 13, 2023!
             The game lasted 01:55:54 (55476 turns).

Vomitron the Invulnerable (Minotaur Fighter)       Turns: 55476, Time: 01:55:55

Health: 247/247    AC: 46    Str: 27    XL:     24   Next: 77%
Magic:  32/32      EV: 23    Int:  7    God:    Okawaru [******]
Gold:   2311       SH:  5    Dex: 23    Spells: 23/23 levels left

rFire   + . .        E - +8 frozen axe "Frostbite" {freeze, freezing cloud, *Noise Fly rC+}
rCold   + + .        (shield currently unavailable)
rNeg    + . .        C - +15 Maxwell's patent armour {-Cast -Tele rElec Will+ rCorr}
rPois   +            Q - +1 hat {SInv}
rElec   +            M - +2 cloak of Instinct {Rampage rPois Str+3}
rCorr   +            Y - +0 pair of fencer's gloves {Riposte Dex+3}
SInv    +            J - +0 pair of boots of Okawaru's Castigation {rN+ Will+ Dex+3}
Will    +++..        b - amulet of reflection Stlth
                     L - ring of resist corrosion
HPRegen 0.61/turn    X - ring "Ginta" {rPois rF+ rC+}
MPRegen 0.23/turn

%: no teleportation, no spellcasting, reflection, rampage
@: flying, studying 2 skills
A: horns 2, retaliatory headbutt
0: Orb of Zot
}: 3/15 runes: serpentine, barnacled, silver
a: Renounce Religion, Heroism, Finesse, Duel


You escaped.
You worshipped Okawaru.
Okawaru was exalted by your worship.
You visited 9 branches of the dungeon, and saw 45 of its levels.
You also visited: Sewer, Ossuary, Bailey, Ice Cave and Desolation.

You collected 6783 gold pieces.
You spent 4472 gold pieces at shops.

Inventory:

Hand Weapons
 E - the +8 frozen axe "Frostbite" (weapon) {freeze, freezing cloud, *Noise Fly rC+}
   (You found it on level 7 of the Dungeon)

   rC:        It protects you from cold.
   Fly:       It grants you flight.
   *Noise:    It may make noises in combat.
Missiles
 A - 10 throwing nets
Armour
 a - +0 gold dragon scales
 l - a +2 kite shield of reflection
 C - the +15 Maxwell's patent armour (worn) {-Cast -Tele rElec Will+ rCorr}
   (You bought it in a shop on level 2 of the Shoals)

   rElec:     It insulates you from electricity.
   -Cast:     It prevents spellcasting.
   -Tele:     It prevents most forms of teleportation.
   rCorr:     It protects you from acid and corrosion.
   Will:      It increases your willpower.
 G - a +3 chain mail of fire resistance
 J - the +0 pair of boots of Okawaru's Castigation (worn) {rN+ Will+ Dex+3}
   (Okawaru gifted it to you on level 1 of the Shoals)

   Dex:       It affects your dexterity (+3).
   rN:        It protects you from negative energy.
   Will:      It increases your willpower.
 M - the +2 cloak of Instinct (worn) {Rampage rPois Str+3}
   (Okawaru gifted it to you in an ice cave)

   Str:       It affects your strength (+3).
   rPois:     It protects you from poison.
   Rampage:   It bestows one free step when moving towards enemies.
 Q - a +1 hat of see invisible (worn)
 R - the +3 pair of boots of Beyond {rElec MP+9 Int+5}
   (Okawaru gifted it to you on level 3 of the Vaults)

   Int:       It affects your intelligence (+5).
   rElec:     It insulates you from electricity.
   MP:        It affects your magic capacity (+9).
 Y - the +0 pair of fencer's gloves (worn) {Riposte Dex+3}
   (You found it on level 5 of the Vaults)

   Riposte:   It allows the wearer to riposte with melee weapons, swiftly
   retaliating against missed or blocked melee attacks.
   Dex:       It affects your dexterity (+3).
Jewellery
 b - an amulet of reflection (around neck)
 j - an amulet of regeneration
 L - a ring of resist corrosion (left hand)
 O - the ring of Royalty {rElec rCorr Dex+7 Stlth-}
   (You found it in the Desolation of Salt)

   [ring of resist corrosion]

   Dex:       It affects your dexterity (+7).
   rElec:     It insulates you from electricity.
   rCorr:     It protects you from acid and corrosion.
   Stlth:     It makes you less stealthy.
 W - a +5 ring of evasion
 X - the ring "Ginta" (right hand) {rPois rF+ rC+}
   (You acquired it on level 1 of the Vaults)

   [ring of protection from fire]

   rF:        It protects you from fire.
   rC:        It protects you from cold.
   rPois:     It protects you from poison.
 Z - the ring of Tuta {Fly rPois rF+ rC+}
   (You found it in the Desolation of Salt)

   [ring of flight]

   rF:        It protects you from fire.
   rC:        It protects you from cold.
   rPois:     It protects you from poison.
   Fly:       It grants you flight.
Wands
 o - a wand of roots (32)
 p - a wand of digging (10)
 r - a wand of polymorph (32)
 u - a wand of acid (10)
 I - a wand of flame (75)
 S - a wand of mindburst (11)
Scrolls
 f - 9 scrolls of vulnerability
 h - a scroll of acquirement
 m - 16 scrolls of fog
 q - 9 scrolls of enchant weapon
 y - 4 scrolls of poison
 z - 19 scrolls of teleportation
 B - 3 scrolls of enchant armour
 D - 8 scrolls of fear
 K - 27 scrolls of identify
 P - 4 scrolls of brand weapon
 U - 4 scrolls of blinking
Potions
 c - 2 potions of berserk rage
 d - 5 potions of might
 e - 15 potions of enlightenment
 g - 15 potions of curing
 i - 8 potions of ambrosia
 k - 10 potions of brilliance
 n - 3 potions of cancellation
 s - 11 potions of mutation
 t - 7 potions of haste
 v - 2 potions of resistance
 w - 6 potions of attraction
 x - 9 potions of magic
 F - 3 potions of heal wounds
 H - 3 potions of invisibility
 V - 7 potions of lignification
Miscellaneous
 N - a phial of floods


   Skills:
 + Level 26.7 Fighting
 - Level 15.2 Long Blades
 - Level 24.0 Axes
 O Level 27 Armour
 + Level 20.6 Dodging
 - Level 8.8 Shields
 - Level 14.3 Invocations


You had 23 spell levels left.
You didn't know any spells.
Your spell library contained the following spells:

 Spells                   Type           Power      Damage    Failure   Level
 Apportation              Tloc           0%         N/A       80%         1
 Foxfire                  Conj/Fire      0%         2x1d4     80%         1
 Freeze                   Ice            0%         1d3       80%         1
 Kiss of Death            Conj/Necr      0%         2d5       80%         1
 Magic Dart               Conj           0%         1d3       80%         1
 Necrotise                Necr           0%         1d4       80%         1
 Sting                    Tmut/Pois      0%         1d3       80%         1
 Blink                    Tloc           0%         N/A       91%         2
 Cigotuvi's Dreadful Rot  Necr/Pois/Air  0%         N/A       91%         2
 Ensorcelled Hibernation  Hex/Ice        0%         N/A       91%         2
 Poisonous Vapours        Pois/Air       0%         N/A       91%         2
 Scorch                   Fire           0%         2d5       91%         2
 Sublimation of Blood     Necr           0%         N/A       91%         2
 Wereblood                Tmut           0%         N/A       91%         2
 Dazzling Flash           Conj/Hex       0%         N/A       99%         3
 Frozen Ramparts          Ice            0%         1d1       99%         3
 Hailstorm                Conj/Ice       0%         3d3       99%         3
 Ignite Poison            Fire/Tmut/Pois 0%         N/A       99%         3
 Inner Flame              Hex/Fire       0%         N/A       99%         3
 Mephitic Cloud           Conj/Pois/Air  0%         N/A       99%         3
 Ozocubu's Armour         Ice            0%         N/A       99%         3
 Portal Projectile        Hex/Tloc       0%         N/A       99%         3
 Stone Arrow              Conj/Erth      0%         3d7       99%         3
 Vhi's Electric Charge    Tloc/Air       0%         N/A       99%         3
 Anguish                  Hex/Necr       0%         N/A       100%        4
 Dispel Undead            Necr           0%         3d6       100%        4
 Flame Wave               Conj/Fire      0%         2d4       100%        4
 Iskenderun's Mystic Bla  Conj/Tloc      0%         2d3       100%        4
 Manifold Assault         Tloc           0%         N/A       100%        4
 Olgreb's Toxic Radiance  Pois           0%         N/A       100%        4
 Petrify                  Tmut/Erth      0%         N/A       100%        4
 Sticky Flame             Conj/Fire      0%         2d3       100%        4
 Agony                    Necr           0%         N/A       100%        5
 Alistair's Intoxication  Tmut/Pois      0%         N/A       100%        5
 Arcjolt                  Conj/Air       0%         1d10      100%        5
 Borgnjor's Vile Clutch   Necr/Erth      0%         N/A       100%        5
 Fireball                 Conj/Fire      0%         3d3       100%        5
 Freezing Cloud           Conj/Ice/Air   0%         6-21      100%        5
 Iskenderun's Battlesphe  Conj           0%         2d6       100%        5
 Metabolic Englaciation   Hex/Ice        0%         N/A       100%        5
 Silence                  Hex/Air        0%         N/A       100%        5
 Conjure Ball Lightning   Conj/Air       0%         3x3d6     100%        6
 Eringya's Noxious Bog    Tmut/Pois      0%         4d6       100%        6
 Leda's Unmaking          Conj/Erth      0%         9d1       100%        6
 Plasma Beam              Fire/Air       0%         2x1d10    100%        6
 Starburst                Conj/Fire      0%         6d3       100%        6
 Orb of Destruction       Conj           0%         9d5       100%        7
 Ozocubu's Refrigeration  Ice            0%         4d7       100%        7
 Discord                  Hex            0%         N/A       100%        8
 Ignition                 Fire           0%         3d3       100%        8
 Lehudib's Crystal Spear  Conj/Erth      0%         10d2      100%        8
 Maxwell's Capacitive Co  Air            0%         ∞         100%        8
 Fire Storm               Conj/Fire      0%         5d1       100%        9
 Summon Small Mammal      Summ           Unusable   N/A       N/A         1
 Call Imp                 Summ           Unusable   N/A       N/A         2
 Tukima's Dance           Hex            Unusable   N/A       N/A         3
 Animate Armour           Summ/Erth      Unusable   N/A       N/A         4
 Summon Ice Beast         Ice/Summ       Unusable   N/A       N/A         4
 Summon Forest            Summ/Tloc      Unusable   N/A       N/A         5
 Death Channel            Necr           Unusable   N/A       N/A         6
 Simulacrum               Ice/Necr       Unusable   N/A       N/A         6
 Spellforged Servitor     Conj/Summ      Unusable   N/A       N/A         7
 Summon Hydra             Summ           Unusable   N/A       N/A         7

Dungeon Overview and Level Annotations

Branches:
Dungeon (15/15)            Temple (0/1) D:6            Lair (5/5) D:8
 Shoals (4/4) Lair:3        Snake (4/4) Lair:3        Slime (0/5) Lair:4
    Orc (2/2) D:12            Elf (0/3) Orc:2        Vaults (5/5) D:13
  Crypt (1/3) Vaults:2     Depths (4/4) D:15            Zot (5/5) Depths:4
  Sewer (visited)         Ossuary (visited)          Bailey (visited)
  IceCv (visited)         Desolation (visited)

Altars:
Dithmenos
Elyvilon
Fedhas
Gozag
Hepliaklqana
Kikubaaqudgha
Nemelex Xobeh
Okawaru
Qazlal
Trog
Xom
The Shining One
Jiyva

Shops:
D:4 :   D:6 *   D:11 [   D:12 *   Orc:2 !([*   Shoals:2 [   Shoals:3 [
Snake:1 [![(   Vaults:2 :   Vaults:4 [[   Vaults:5 :

Portals:
Hell: Depths:1 Depths:2 Depths:3 Depths:4
Abyss: Depths:1 Depths:3
Ziggurat: Depths:2
Trove: Depths:3 (give 2 scrolls of acquirement)

Annotations:
D:2 1 runed translucent door, Crazy Yiuf
D:8 3 runed translucent doors, osoart's ghost, novice FoFi
Depths:1 2 transporters, Ducleet's ghost, veteran MfMo
Depths:2 exclusion: 3 doors
Zot:1 3 runed translucent doors, exclusion: obsidian statue, reriks's ghost, legendary GrFi


Innate Abilities, Weirdness & Mutations

You have a pair of horns on your head.
You reflexively headbutt those who attack you in melee.


Message History

The tormentor is engulfed in freezing vapours.
The tormentor misses you. You furiously retaliate!
You headbutt the tormentor! The tormentor hits you.
You writhe in agony.
You barely miss the tormentor. Your headbutt misses the tormentor.
The tormentor is severely wounded.
You block the tormentor's attack.
You riposte.
You slice the tormentor!! You freeze the tormentor.
You kill the tormentor!
Okawaru accepts your kill.
(D) Dungeon (T) Temple (L) Lair (A) Shoals (P) Snake Pit (M) Slime Pits (O) Orcish Mines (E) Elven Halls (V) Vaults (C) Crypt (U) Depths (H) Hell (Z) Zot
Where to? (Enter - D:1, ? - help) HP restored.
There is a stone staircase leading up here.
You fly upwards.
There is a stone staircase leading down here.
There is a stone staircase leading up here.
You fly upwards.
There is a stone staircase leading down here.
There is a stone staircase leading up here.
You fly upwards.
There is a stone staircase leading down here.
There is a stone staircase leading up here.
You fly upwards.
Level annotation: 1 runed translucent door, Crazy Yiuf
There is a stone staircase leading down here.
There is a stone staircase leading up here.
You fly upwards.
There is a stone staircase leading down here.
(D) Dungeon (T) Temple (L) Lair (A) Shoals (P) Snake Pit (M) Slime Pits (O) Orcish Mines (E) Elven Halls (V) Vaults (C) Crypt (U) Depths (H) Hell (Z) Zot
Where to? (Enter - D:1, ? - help)
What level of the Dungeon? (default 1, ? - help) You're already here!
There is a staircase leading out of the dungeon here.
You have escaped!

....#+##+#####.#..#........#.#
..................#..........#
...........###.#....##.......####
...........###.#....##.......#...
.........................#..##...
....##...#####.########..#..##...
######.#.###....######...#..##...
#.###...#...........#.....#.
#.##....#..@.#.#...##.###.#.
#.#...####...####..##.###...
#...### ##..## ##.##.#..... #...#
#....## #......##.. #..##
##.....#######....... ##..##
#.......##.#####.###.
##†.###..##...#...####.###.
#..##..###....#..#........
##.....####...............


There were no monsters in sight!

Vanquished Creatures
  7 dread liches (Zot:5)
  3 orbs of fire (Zot:5)
  2 ancient liches (Zot:5)
  A juggernaut (Depths:3)
  A pandemonium lord (D:14)
  4 Killer Klowns (Zot:5)
  Frederick (Depths:4)
  2 caustic shrikes (Depths:3)
  Nikola (Shoals:1)
  3 golden dragons
  3 bone dragons
  A Tzitzimitl (D:7)
  A Hell Sentinel (Depths:2)
  2 electric golems
  16 tentacled monstrosities
  27 Orb Guardians
  A hellephant (Zot:5)
  3 liches
  6 quicksilver dragons
  A deep elf master archer (Depths:2)
  5 titans
  5 death cobs
  Kirke (D:13)
  Agnes (D:15)
  8 tengu reavers
  Donald (Snake:2)
  7 storm dragons
  A draconian monk (Zot:5)
  3 sphinxes
  A nagaraja (Snake:4)
  10 shadow dragons
  9 frost giants
  4 draconian knights (Zot:1)
  17 vault wardens
  8 fire giants
  2 iron dragons (Vaults:5)
  3 deep elf sorcerers (Vaults:5)
  2 draconian scorchers
  A draconian annihilator (Depths:4)
  25 very ugly things
  A draconian stormcaller (Zot:5)
  2 spriggan defenders
  3 draconian shifters
  2 orc warlords
  17 ironbound preservers
  4 formless jellyfish
  18 stone giants
  11 ironbound thunderhulks
  4 green draconians
  8 black draconians
  4 deep elf demonologists (Vaults:5)
  4 purple draconians
  6 white draconians
  3 halazid warlocks (Desolation)
  2 vampire knights
  A minotaur (Lair:3)
  2 dire elephants
  7 yellow draconians
  17 ettins
  A blizzard demon (Depths:1)
  A deep elf death mage (Vaults:5)
  7 merfolk javelineers
  3 crystal guardians
  Josephine (Orc:1)
  The ghost of RepHenryClay the Devastator, a journeyman TeCj of Vehumet (Lair:3)
  11 ragged hierophants (Desolation)
  5 merfolk impalers
  5 great orbs of eyes
  4 deep elf high priests (Vaults:5)
  10 fire dragons
  2 rakshasas (Depths:1)
  Fannar (D:12)
  3 jiangshi (Depths:1)
  5 servants of whispers (Desolation)
  A hell beast (Zot:5)
  9 salamander tyrants
  40 vault guards
  9 peacekeepers
  12 ironbound frosthearts
  16 yaktaur captains
  6 ice dragons
  7 hydras
  4 ogre magi
  An alligator snapping turtle (Shoals:1)
  3 merfolk avatars
  5 spriggan air magi
  5 centaur warriors
  4 boulder beetles
  11 tengu warriors
  9 naga warriors
  7 anacondas
  A merfolk aquamancer (Shoals:4)
  2 satyrs
  12 two-headed ogres
  9 deep troll shamans
  6 deep troll earth magi
  17 death yaks
  5 spriggan berserkers
  Urug (D:11)
  11 naga sharpshooters
  A vampire mage (Depths:1)
  9 shock serpents
  A deep elf knight (Vaults:5)
  4 hell knights (Depths:4)
  Sonja (Lair:5)
  5 skysharks
  A shadow wraith (Vaults:5)
  7 iron trolls
  5 glowing orange brains
  3 salamander mystics
  12 sea snakes
  46 deep trolls
  7 lindwurms
  9 wizards
  12 harpies
  4 necromancers
  7 naga ritualists
  3 flayed ghosts
  A lindwurm (shapeshifter) (Vaults:5)
  3 phantasmal warriors (Vaults:5)
  A deep elf zephyrmancer (Vaults:5)
  22 ironbound convokers
  28 fauns
  8 orc knights
  10 mana vipers
  2 wolf spider zombies (D:14)
  49 ugly things
  A cyclops (shapeshifter) (Vaults:5)
  15 manticores
  The ghost of innerfire43 the Ducker, a novice DsMo (D:6)
  5 deep elf pyromancers
  3 orc sorcerers
  A fire giant zombie (Vaults:1)
  8 cyclopes
  14 moths of wrath
  25 salamanders
  12 elephants
  40 black mambas
  8 merfolk sirens
  A black mamba (shapeshifter) (Vaults:5)
  2 ice statues (IceCv)
  An elephant (shapeshifter) (Vaults:5)
  A stone giant skeleton (Vaults:1)
  A rust devil (Zot:5)
  18 naga magi
  4 water nymphs
  A molten gargoyle (Desolation)
  A smoke demon (D:14)
  10 guardian serpents
  5 gargoyles
  2 torpor snails
  25 vault sentinels
  14 cane toads
  8 centaur skeletons (D:14)
  6 unseen horrors
  2 rime drakes (Lair:3)
  26 yaktaurs
  A tormentor (D:6)
  3 freezing wraiths
  6 komodo dragons
  A red devil (Zot:1)
  8 tengu conjurers
  4 ice devils
  A redback zombie (D:14)
  14 trolls
  Prince Ribbit (D:7)
  5 meliai
  37 merfolk
  4 polar bears
  11 hornets
  A queen bee (D:12)
  Grinder (D:5)
  13 dream sheep
  48 saltlings (Desolation)
  8 wind drakes
  5 blink frogs (Lair:1)
  A harpy skeleton (D:14)
  Sigmund (D:5)
  6 snapping turtles
  33 slime creatures
  A meliai zombie (D:14)
  A shadow (D:11)
  18 spriggans
  4 water elementals
  A hog (D:13)
  50 yaks
  13 humans (D:13)
  4 wraiths
  6 basilisks
  4 wyverns
  7 vampires
  A steam dragon (D:7)
  8 vampire mosquitoes
  2 wargs (Vaults:5)
  25 nagas
  8 water moccasins
  3 acid dragons
  A floating eye (Depths:3)
  22 orc warriors
  Pargi (Sewer)
  2 ice beasts (D:7)
  2 sky beasts
  A hornet zombie (D:14)
  5 black bears
  43 wolves
  24 ogres
  A wolf (shapeshifter) (Vaults:5)
  3 boggarts (Lair:5)
  6 centaurs
  5 phantoms
  3 kobold brigands
  20 bullfrogs
  A scorpion (D:5)
  3 wights (D:8)
  29 killer bees
  2 electric eels (D:8)
  4 howler monkeys
  6 centaur zombies
  2 human zombies
  11 orc priests
  3 hounds
  3 gnoll boudas
  An iron imp (D:8)
  5 jellies
  A sleepcap (D:5)
  A boggart zombie (D:14)
  3 iguanas
  22 orc wizards
  A polar bear simulacrum (IceCv)
  2 wolf simulacra (IceCv)
  4 mummies (Ossuary)
  29 gnolls
  2 river rats (D:6)
  15 adders
  A shadow imp (D:5)
  8 white imps
  A worm zombie (D:5)
  3 dart slugs
  73 orcs
  12 ball pythons
  7 endoplasms
  6 giant cockroaches
  A gnoll zombie (D:5)
  9 hobgoblins
  12 jackals
  A quokka (shapeshifter) (Vaults:5)
  4 quokkas
  12 bats
  7 frilled lizards
  7 goblins
  4 goblin skeletons (D:8)
  2 goblin zombies (Ossuary)
  4 hobgoblin zombies
  6 kobolds
  6 kobold zombies
  2 orc skeletons
  An orc zombie (Ossuary)
  8 rats
1966 creatures vanquished.

Vanquished Creatures (others)
  A fire giant (Depths:2)
  A wizard (Vaults:2)
  A merfolk (Shoals:1)
  A yak (D:10)
  An orc priest (Orc:1)
  A gnoll (D:7)
6 creatures vanquished.

Grand Total: 1972 creatures vanquished

Notes
Turn   | Place    | Note
-------+----------+-------------------------------------------
     0 | D:1      | Vomitron the Minotaur Fighter began the quest for the Orb.
     0 | D:1      | Reached XP level 1. HP: 19/19 MP: 0/0
   223 | D:1      | Reached XP level 2. HP: 26/27 MP: 1/1
   362 | D:1      | Reached skill level 4 in Armour
   362 | D:1      | Reached XP level 3. HP: 13/33 MP: 2/2
  1265 | D:2      | Identified the +4 mace of the Doomed Warrior {heavy, rF+}
  1574 | D:2      | Found a runed translucent door.
  1575 | D:2      | Noticed Crazy Yiuf
  1689 | D:2      | Reached XP level 4. HP: 38/40 MP: 3/3
  1994 | D:2      | Reached XP level 5. HP: 28/47 MP: 4/4
  2665 | D:3      | Found a faded altar of an unknown god.
  2800 | D:4      | Noticed a phantom
  2804 | D:4      | Killed a phantom
  2805 | D:4      | Reached skill level 5 in Long Blades
  2805 | D:4      | Reached XP level 6. HP: 51/55 MP: 5/5
  2880 | D:4      | Reached skill level 5 in Fighting
  2880 | D:4      | Reached skill level 5 in Armour
  2880 | D:4      | Reached skill level 5 in Shields
  3065 | D:4      | Found an iron altar of Okawaru.
  3079 | D:4      | Found Muraibot's Book Shoppe.
  3094 | D:4      | Became a worshipper of Warmaster Okawaru
  3235 | D:4      | Found a glowing drain.
  3259 | Sewer    | Entered a sewer
  3307 | Sewer    | Noticed Pargi
  3314 | Sewer    | Killed Pargi
  3315 | Sewer    | Reached skill level 1 in Invocations
  3315 | Sewer    | Reached XP level 7. HP: 59/61 MP: 6/6
  3487 | D:4      | Found a shadowy altar of Dithmenos.
  3720 | D:5      | Entered Level 5 of the Dungeon
  3754 | D:5      | Found a sparkling altar of Nemelex Xobeh.
  3873 | D:5      | Noticed Grinder
  3902 | D:5      | Killed Grinder
  3902 | D:5      | Reached * piety under Okawaru
  3903 | D:5      | Reached skill level 6 in Armour
  3903 | D:5      | Reached XP level 8. HP: 70/70 MP: 8/8
  4083 | D:5      | Noticed Sigmund
  4084 | D:5      | Found a sand-covered staircase.
  4097 | D:5      | Killed Sigmund
  4174 | Ossuary  | Entered an ossuary
  5077 | D:6      | Found Qeuxai's Gadget Gallery.
  5513 | D:6      | Reached skill level 7 in Armour
  5632 | D:6      | Found a runed translucent door.
  5640 | D:6      | Found a staircase to the Ecumenical Temple.
  5661 | D:6      | Noticed innerfire43's ghost (novice DsMo)
  5706 | D:6      | Reached ** piety under Okawaru
  5918 | D:6      | Found a runed translucent door.
  5938 | D:6      | Reached XP level 9. HP: 79/79 MP: 11/11
  6076 | D:6      | Killed innerfire43's ghost
  6300 | D:7      | Found an opulent altar of Gozag.
  6500 | D:7      | Noticed a troll
  6509 | D:7      | Killed a troll
  6510 | D:7      | Reached skill level 8 in Armour
  6522 | D:7      | Reached skill level 5 in Invocations
  6748 | D:7      | Found a hazy altar of Hepliaklqana.
  6799 | D:7      | Reached *** piety under Okawaru
  6813 | D:7      | Found a bloodstained altar of Trog.
  6843 | D:7      | Noticed Prince Ribbit
  6856 | D:7      | Killed Prince Ribbit
  6990 | D:7      | Found an ancient bone altar of Kikubaaqudgha.
  7084 | D:7      | Noticed an ice devil
  7125 | D:7      | Killed an ice devil
  7272 | D:7      | Noticed a freezing wraith
  7273 | D:7      | Noticed an ice devil
  7274 | D:7      | Noticed an ice devil
  7333 | D:7      | Killed a freezing wraith
  7334 | D:7      | Reached XP level 10. HP: 55/90 MP: 11/13
  7783 | D:7      | Found the +8 frozen axe "Frostbite" {freeze, freezing
                  | cloud, *Noise Fly rC+}
  7824 | D:7      | HP: 4/90 [freezing wraith (5)]
  7828 | D:7      | Reached skill level 1 in Axes
  8190 | D:8      | Reached skill level 9 in Armour
  8636 | D:8      | Found a runed translucent gate.
  8636 | D:8      | Found a runed translucent gate.
  8636 | D:8      | Found a runed translucent gate.
  8688 | D:8      | Reached **** piety under Okawaru
  9018 | D:8      | Found a shimmering altar of Xom.
  9058 | D:8      | Found a staircase to the Lair.
  9076 | D:8      | Found a glowing golden altar of the Shining One.
  9159 | D:8      | Found a stormy altar of Qazlal.
  9180 | D:8      | Noticed osoart's ghost (novice FoFi)
  9398 | D:8      | Reached skill level 5 in Axes
 10434 | D:10     | Entered Level 10 of the Dungeon
 10573 | D:10     | Reached XP level 11. HP: 99/99 MP: 15/15
 10632 | D:10     | Found a flagged portal.
 10648 | Bailey   | Entered a bailey
 10873 | Bailey   | Reached skill level 10 in Fighting
 11055 | D:10     | Reached skill level 10 in Armour
 11139 | D:10     | Reached ***** piety under Okawaru
 11812 | Lair:1   | Entered Level 1 of the Lair of Beasts
 12138 | Lair:1   | Reached ****** piety under Okawaru
 12225 | Lair:1   | Found a frozen archway.
 12233 | IceCv    | Entered an ice cave
 12233 | IceCv    | Noticed a white ugly thing
 12245 | IceCv    | Killed a white ugly thing
 12345 | IceCv    | Found a transporter.
 12355 | IceCv    | Found a transporter.
 12356 | IceCv    | Identified the +1 flail of Vomitron's Execution {venom,
                  | rCorr Stlth+}
 12364 | IceCv    | Identified the +2 cloak of Instinct {Rampage rPois Str+3}
                  | (Okawaru gifted it to you in an ice cave)
 12364 | IceCv    | Received a gift from Okawaru
 12376 | IceCv    | Reached skill level 11 in Armour
 12536 | Lair:1   | Reached XP level 12. HP: 101/110 MP: 17/17
 12638 | Lair:1   | Reached skill level 10 in Axes
 12951 | Lair:2   | Noticed a death yak
 12952 | Lair:2   | Noticed a death yak
 12952 | Lair:2   | Noticed a death yak
 12954 | Lair:2   | Noticed a death yak
 12964 | Lair:2   | Killed a death yak
 12966 | Lair:2   | Killed a death yak
 12971 | Lair:2   | Killed a death yak
 12976 | Lair:2   | Killed a death yak
 13592 | Lair:2   | Noticed a four-headed hydra
 13598 | Lair:2   | Killed a seven-headed hydra
 13733 | Lair:2   | Reached skill level 12 in Armour
 13742 | Lair:2   | Noticed a four-headed hydra
 13756 | Lair:2   | Killed a one-headed hydra
 13983 | Lair:2   | Identified the +4 chain mail "Olim" {Contam rElec Str-3
                  | Dex+9}
 14277 | Lair:3   | Found a staircase to the Snake Pit.
 14302 | Lair:3   | HP: 2/113 [merfolk/+0 trident (12)]
 14705 | Lair:3   | Found a staircase to the Shoals.
 14710 | Lair:3   | Reached XP level 13. HP: 83/119 MP: 19/19
 14823 | Lair:3   | Noticed RepHenryClay's ghost (journeyman TeCj)
 14824 | Lair:3   | Noticed a minotaur
 14839 | Lair:3   | Received a gift from Okawaru
 15067 | Lair:3   | Found a runed translucent gate.
 15097 | Lair:3   | Found a runed translucent gate.
 15241 | Lair:3   | Found a runed translucent gate.
 15750 | Lair:3   | Killed a minotaur
 15756 | Lair:3   | Killed RepHenryClay's ghost
 15757 | Lair:3   | Reached skill level 10 in Invocations
 16294 | Lair:4   | Reached skill level 13 in Armour
 16406 | Lair:4   | Identified the +10 plate armour of Context {rPois Str+3
                  | Int+4}
 16588 | Lair:4   | Found a viscous altar of Jiyva.
 16588 | Lair:4   | Found a staircase to the Slime Pits.
 16692 | Lair:5   | Entered Level 5 of the Lair of Beasts
 16697 | Lair:5   | Noticed Sonja
 16735 | Lair:5   | Killed Sonja
 16735 | Lair:5   | Received a gift from Okawaru
 17213 | Lair:5   | Reached XP level 14. HP: 130/130 MP: 13/21
 17216 | Lair:5   | Identified the +5 scimitar of Fiarocy {elec, Dex+4}
                  | (Okawaru gifted it to you on level 5 of the Lair of Beasts)
 17216 | Lair:5   | Received a gift from Okawaru
 17219 | Lair:5   | Reached skill level 15 in Axes
 17693 | Lair:5   | Reached skill level 14 in Armour
 18268 | D:11     | Found Biule's Antique Armour Boutique.
 18373 | D:11     | Received a gift from Okawaru
 18533 | D:11     | Noticed Urug
 18539 | D:11     | Killed Urug
 18910 | D:11     | Received a gift from Okawaru
 19499 | D:12     | Noticed Fannar
 19517 | D:12     | Killed Fannar
 19676 | D:12     | Received a gift from Okawaru
 20258 | D:12     | Found Ephile's Pet Rocks.
 20438 | D:12     | Found a staircase to the Orcish Mines.
 20442 | D:12     | Identified the +0 ring mail "Faxiguachiaf" {Harm rElec MP+9
                  | Int+3}
 20762 | D:13     | Noticed Kirke
 20770 | D:13     | Noticed a sphinx
 20783 | D:13     | Killed Kirke
 20901 | D:13     | Identified the +1 executioner's axe of Okawaru's
                  | Condemnation {vamp, Str+5} (Okawaru gifted it to you on
                  | level 13 of the Dungeon)
 20901 | D:13     | Received a gift from Okawaru
 20912 | D:13     | Reached XP level 15. HP: 104/139 MP: 22/22
 21241 | D:13     | Reached skill level 15 in Fighting
 21374 | D:13     | Found a gate to the Vaults.
 21550 | D:13     | Reached skill level 15 in Armour
 21618 | Orc:1    | Entered Level 1 of the Orcish Mines
 21618 | Orc:1    | Noticed Josephine
 21623 | Orc:1    | Killed Josephine
 21806 | Orc:2    | Entered Level 2 of the Orcish Mines
 21914 | Orc:2    | Found a bloodstained altar of Trog.
 21977 | Orc:2    | Received a gift from Okawaru
 21987 | Orc:2    | Found Oxopotzako's Armour Boutique.
 22005 | Orc:2    | Found Ycurosch's Distillery.
 22044 | Orc:2    | Found Yfugibur's Assorted Antiques.
 22050 | Orc:2    | Found Peoppu Toma's Weapon Shop.
 22234 | Orc:2    | Found a staircase to the Elven Halls.
 22603 | Orc:2    | Bought a potion of haste for 130 gold pieces
 22603 | Orc:2    | Bought a potion of mutation for 104 gold pieces
 22603 | Orc:2    | Bought a potion of might for 52 gold pieces
 22603 | Orc:2    | Bought a potion of curing for 39 gold pieces
 22603 | Orc:2    | Bought a potion of curing for 39 gold pieces
 22603 | Orc:2    | Bought 2 potions of haste for 260 gold pieces
 22718 | D:11     | Bought a brightly glowing plate armour for 896 gold pieces
 22718 | D:11     | Identified the +0 plate armour of Wygiutzo {rPois rF+} (You
                  | bought it in a shop on level 11 of the Dungeon)
 22886 | Shoals:1 | Entered Level 1 of the Shoals
 22930 | Shoals:1 | Identified the +0 pair of boots of Okawaru's Castigation
                  | {rN+ Will+ Dex+3} (Okawaru gifted it to you on level 1 of
                  | the Shoals)
 22930 | Shoals:1 | Received a gift from Okawaru
 22931 | Shoals:1 | HP: 6/143 [merfolk/+0 trident (13)]
 23242 | Snake:1  | Entered Level 1 of the Snake Pit
 24150 | Snake:1  | Found Noihurr's Antique Armour Shoppe.
 24150 | Snake:1  | Found Moisk's Distillery.
 24152 | Snake:1  | Found Voot Sewn's Armour Emporium.
 24154 | Snake:1  | Found Guicwirph's Weapon Shoppe.
 24159 | Snake:1  | Bought a potion of heal wounds for 80 gold pieces
 24613 | Snake:2  | Reached skill level 16 in Armour
 24613 | Snake:2  | Reached XP level 16. HP: 62/151 MP: 24/24
 25116 | Snake:2  | Received a gift from Okawaru
 25482 | Snake:2  | Identified the +0 pair of boots of Patience {Stlth+}
 25516 | Snake:2  | Noticed Donald
 25524 | Snake:2  | Killed Donald
 25897 | Snake:3  | Found a white marble altar of Elyvilon.
 25915 | Snake:3  | Reached skill level 1 in Dodging
 26580 | Snake:3  | Identified the +12 trident of Autumn {spect, Will+}
 27587 | Snake:4  | Entered Level 4 of the Snake Pit
 28019 | Snake:4  | Identified the +0 robe "Kydeseu" {Regen+} (Okawaru gifted
                  | it to you on level 4 of the Snake Pit)
 28019 | Snake:4  | Received a gift from Okawaru
 28052 | Snake:4  | Reached skill level 17 in Armour
 28614 | Snake:4  | Reached skill level 5 in Dodging
 28789 | Snake:4  | Reached XP level 17. HP: 109/161 MP: 21/26
 29413 | Snake:4  | Noticed a quicksilver dragon
 29414 | Snake:4  | Identified the +1 falchion of the Toadstool {drain, *Slow
                  | +Blink rC++}
 29426 | Snake:4  | Noticed a quicksilver dragon
 29427 | Snake:4  | Killed a quicksilver dragon
 29444 | Snake:4  | Killed a quicksilver dragon
 29726 | Snake:4  | Got a serpentine rune of Zot
 30222 | D:14     | Found a white marble altar of Elyvilon.
 30551 | D:14     | Received a gift from Okawaru
 30620 | D:14     | Found the +9 sword of Zonguldrok {reap}
 30620 | D:14     | Noticed a bone dragon
 30636 | D:14     | Killed a bone dragon
 30968 | D:15     | Entered Level 15 of the Dungeon
 31115 | D:15     | Noticed Agnes
 31121 | D:15     | Killed Agnes
 31399 | D:15     | Identified the +4 robe of Action {rElec}
 31544 | D:15     | Identified the +1 pair of boots of Snakes and Ladders
                  | {Will+ SInv} (Okawaru gifted it to you on level 15 of the
                  | Dungeon)
 31544 | D:15     | Received a gift from Okawaru
 31897 | D:15     | Found a staircase to the Depths.
 32711 | Shoals:1 | Reached skill level 10 in Long Blades
 32838 | Shoals:1 | Reached skill level 18 in Armour
 32918 | Shoals:1 | Noticed Nikola
 32933 | Shoals:1 | Killed Nikola
 33451 | Shoals:2 | Found Voireos's Antique Armour Emporium.
 33632 | Shoals:2 | Reached XP level 18. HP: 172/172 MP: 27/27
 34143 | Shoals:3 | Received a gift from Okawaru
 34333 | Shoals:3 | Identified the +4 shortbow "Cingoidgh" {heavy, Fragile
                  | +Blink rPois rF+++}
 34338 | Shoals:3 | Found Toaruno's Antique Armour Shoppe.
 34843 | Shoals:4 | Entered Level 4 of the Shoals
 35060 | Shoals:4 | Received a gift from Okawaru
 35364 | Shoals:4 | Identified the staff of Ignis's Anger {rElec rF+ Fire}
 35551 | Shoals:4 | Got a barnacled rune of Zot
 36050 | Shoals:4 | Got the Elucidation of Scorched Therianthropy
 36367 | Vaults:1 | Entered Level 1 of the Vaults
 36469 | Vaults:1 | Identified the +7 chain mail of the Pits of Slime {rC+
                  | Dex+3}
 36558 | Vaults:1 | Reached skill level 19 in Armour
 36706 | Arena    | Entered the Arena
 36959 | Vaults:1 | Reached skill level 10 in Dodging
 37047 | Vaults:1 | Identified the scarf "Annuig" {repulsion, Dex+3}
 37088 | Vaults:1 | Reached XP level 19. HP: 183/183 MP: 28/28
 37487 | Vaults:1 | Identified 2 scrolls of acquirement
 37488 | Vaults:1 | Acquired the ring "Ginta" {rPois rF+ rC+}
 37489 | Vaults:1 | Acquired 961 gold pieces
 37731 | Vaults:2 | Received a gift from Okawaru
 38189 | Shoals:2 | Bought the +15 Maxwell's patent armour {-Cast -Tele rElec
                  | Will+ rCorr} for 2872 gold pieces
 38189 | Shoals:2 | Found the +15 Maxwell's patent armour {-Cast -Tele rElec
                  | Will+ rCorr}
 38751 | Vaults:2 | Got the Annotations on Planar Hyperthermia
 38837 | Vaults:2 | Found Nofebouri's Book Emporium.
 39195 | Vaults:2 | Found a staircase to the Crypt.
 39713 | Crypt:1  | Entered Level 1 of the Crypt
 39902 | Vaults:3 | Identified the +3 pair of boots of Beyond {rElec MP+9
                  | Int+5} (Okawaru gifted it to you on level 3 of the Vaults)
 39902 | Vaults:3 | Received a gift from Okawaru
 40377 | Vaults:3 | Found a crumbling gateway.
 40385 | Desolati | Entered the Desolation of Salt
 40520 | Desolati | Reached skill level 20 in Armour
 40539 | Desolati | Identified the amulet "Xac Maon" {Rampage Regen+ rCorr
                  | Dex+4 Slay-5}
 40558 | Desolati | Got Pychoegy's Octavo of the Burn and Diablerie
 40735 | Desolati | Found the +7 captain's cutlass {speed, disarm}
 40742 | Desolati | Identified the ring of Qogrofiv {*Slow Int+6 Dex+4 SInv}
 40746 | Desolati | Identified the +1 chain mail "Runasch" {-Cast Dex+4 SInv}
 40807 | Desolati | Identified the ring of Tuta {Fly rPois rF+ rC+}
 40851 | Desolati | Identified the +6 chain mail of the Realm of Zot {rF+ rC-
                  | rN+}
 40892 | Desolati | Reached XP level 20. HP: 193/193 MP: 29/29
 40951 | Desolati | Identified the +1 ring mail of Okawaru's Whim {rElec rC+
                  | Dex-4} (Okawaru gifted it to you in the Desolation of Salt)
 40951 | Desolati | Received a gift from Okawaru
 41106 | Desolati | Identified the +1 sling of Indomitability {speed, rC+}
 41108 | Desolati | Identified the ring of Royalty {rElec rCorr Dex+7 Stlth-}
 41111 | Desolati | Identified the ring of Aduamec {rF+ Str+2 Dex+2}
 41720 | Vaults:3 | Paralysed by a formless jellyfish for 1 turns
 42425 | Vaults:4 | Found Loprussof's Armour Shop.
 43301 | Vaults:4 | Found Itaeqoal's Armour Emporium.
 43473 | Vaults:4 | Received a gift from Okawaru
 43506 | Vaults:4 | Reached skill level 15 in Long Blades
 43863 | Depths:1 | Entered Level 1 of the Depths
 44100 | Depths:1 | Identified the +0 robe of Monotheism {rC++ Int-2 Dex+3
                  | Slay+2}
 44251 | Depths:1 | Found a one-way gate to the infinite horrors of the Abyss.
 44271 | Depths:1 | Noticed Ducleet's ghost (veteran MfMo)
 44323 | Depths:1 | Identified the +0 leather armour of the True Pharaoh {rN+}
 44409 | Depths:1 | Reached skill level 21 in Armour
 44557 | Depths:1 | Found a transporter.
 44579 | Depths:1 | Found a transporter.
 44677 | Depths:1 | Found a gateway to Hell.
 44704 | Depths:1 | Reached XP level 21. HP: 192/204 MP: 30/30
 45686 | Depths:2 | Found a one-way gateway to a ziggurat.
 45778 | Depths:2 | Identified the +0 hat of the Onion {Str-5 Int+3 Dex+4}
                  | (Okawaru gifted it to you on level 2 of the Depths)
 45778 | Depths:2 | Received a gift from Okawaru
 46583 | Depths:3 | Found a portal to a secret trove of treasure.
 47587 | Depths:3 | Noticed a caustic shrike
 47591 | Depths:3 | Noticed a juggernaut
 47592 | Depths:3 | Killed a caustic shrike
 47593 | Depths:3 | Reached skill level 22 in Armour
 47604 | Depths:3 | Killed a juggernaut
 47604 | Depths:3 | Received a gift from Okawaru
 47636 | Depths:3 | Noticed a caustic shrike
 47648 | Depths:3 | Killed a caustic shrike
 47719 | Depths:3 | Found a blossoming altar of Fedhas.
 48031 | Depths:4 | Entered Level 4 of the Depths
 48049 | Depths:4 | Reached skill level 15 in Dodging
 48243 | Depths:4 | Reached XP level 22. HP: 206/216 MP: 31/31
 48459 | Depths:4 | Received a gift from Okawaru
 48473 | Depths:4 | Found an ancient bone altar of Kikubaaqudgha.
 48842 | Depths:4 | Noticed Frederick
 48852 | Depths:4 | Killed Frederick
 49285 | Depths:4 | Found a gate to the Realm of Zot.
 49849 | Vaults:5 | Entered Level 5 of the Vaults
 49864 | Vaults:5 | Reached skill level 23 in Armour
 49894 | Vaults:5 | Received a gift from Okawaru
 50151 | Vaults:5 | Identified the amulet "Ezunn" {Spirit rN+}
 50183 | Vaults:5 | Noticed a golden dragon
 50188 | Vaults:5 | Killed a golden dragon
 50211 | Vaults:5 | Found the +0 pair of fencer's gloves {Riposte Dex+3}
 50225 | Vaults:5 | Received a gift from Okawaru
 50246 | Vaults:5 | Identified the +0 ring mail of the Leaping Gods {rF+ rC-
                  | MP+9 Int+2}
 50620 | Vaults:5 | Reached XP level 23. HP: 163/229 MP: 26/32
 50999 | Vaults:5 | Reached skill level 24 in Armour
 51113 | Vaults:5 | Found the ring of the Mage {Wiz Archmagi}
 51119 | Vaults:5 | Identified the +0 pair of gloves "Hyunuir" {Slay+2}
 51250 | Vaults:5 | Found Qiwnuh's Book Emporium.
 51296 | Vaults:5 | Got a silver rune of Zot
 51639 | Vaults:5 | Identified the +7 chain mail "Unihajem" {rPois Will- rCorr
                  | Int+3} (Okawaru gifted it to you on level 5 of the Vaults)
 51639 | Vaults:5 | Received a gift from Okawaru
 51769 | Vaults:5 | Identified the staff of the Hurting Madman {Int+2 Earth}
 51919 | Vaults:5 | Identified the +1 pair of gloves "Zyeris" {rElec rPois
                  | Str-4 Int+2}
 51930 | Vaults:5 | Identified the +2 helmet of Context {rF- rN+ Str+3 SInv}
 52539 | Zot:1    | Entered Level 1 of the Realm of Zot
 52893 | Zot:1    | Found a runed translucent gate.
 52894 | Zot:1    | Found a runed translucent gate.
 52894 | Zot:1    | Found an opulent altar of Gozag.
 52895 | Zot:1    | Found a runed translucent gate.
 52897 | Zot:1    | Noticed reriks's ghost (legendary GrFi)
 53150 | Zot:1    | Reached skill level 25 in Armour
 53568 | Zot:4    | Noticed a curse toe
 53655 | Zot:5    | Entered Level 5 of the Realm of Zot
 54019 | Zot:5    | Noticed an orb of fire
 54047 | Zot:5    | Reached skill level 26 in Armour
 54059 | Zot:5    | Killed an orb of fire
 54060 | Zot:5    | Noticed an orb of fire
 54066 | Zot:5    | Reached XP level 24. HP: 111/243 MP: 32/32
 54079 | Zot:5    | Killed an orb of fire
 54079 | Zot:5    | Identified the +8 great sword of Watchfulness {speed, Int+4
                  | Dex+2} (Okawaru gifted it to you on level 5 of the Realm of
                  | Zot)
 54079 | Zot:5    | Received a gift from Okawaru
 54089 | Zot:5    | Noticed an ancient lich
 54093 | Zot:5    | Killed an ancient lich
 54098 | Zot:5    | Noticed a Killer Klown
 54107 | Zot:5    | Killed a Killer Klown
 54109 | Zot:5    | Noticed a Killer Klown
 54109 | Zot:5    | Noticed a dread lich
 54112 | Zot:5    | Killed a Killer Klown
 54122 | Zot:5    | Killed a dread lich
 54123 | Zot:5    | Noticed a dread lich
 54137 | Zot:5    | Killed a dread lich
 54138 | Zot:5    | Noticed a dread lich
 54146 | Zot:5    | Killed a dread lich
 54148 | Zot:5    | Noticed a Killer Klown
 54148 | Zot:5    | Noticed a dread lich
 54153 | Zot:5    | Killed a Killer Klown
 54161 | Zot:5    | Killed a dread lich
 54165 | Zot:5    | Noticed a Killer Klown
 54172 | Zot:5    | Killed a Killer Klown
 54175 | Zot:5    | Noticed an orb of fire
 54184 | Zot:5    | Killed an orb of fire
 54185 | Zot:5    | Reached skill level 27 in Armour
 54594 | Zot:5    | Noticed an ancient lich
 54594 | Zot:5    | Noticed a dread lich
 54595 | Zot:5    | Noticed a dread lich
 54596 | Zot:5    | Noticed a dread lich
 54604 | Zot:5    | Killed a dread lich
 54610 | Zot:5    | Killed a dread lich
 54613 | Zot:5    | Killed an ancient lich
 54618 | Zot:5    | Killed a dread lich
 54618 | Zot:5    | Identified the +8 plate armour of Gefailea {Harm Fly rC++
                  | Int-3} (Okawaru gifted it to you on level 5 of the Realm of
                  | Zot)
 54618 | Zot:5    | Received a gift from Okawaru
 54873 | Zot:5    | Got the Orb of Zot
 55072 | Depths:4 | Noticed Fihurch the pandemonium lord
 55196 | D:14     | Noticed Konn the pandemonium lord
 55211 | D:14     | Killed Konn the pandemonium lord
 55476 | D:$      | Escaped with the Orb!

Illustrated notes

Levels and vault maps discovered:
D:1:      dpeg_arrival_arbitrary_b, layout_basic, chequers_serial_rivers_room_a
D:2:      layout_basic, ebering_dispersal_statue_hall, uniq_crazy_yiuf_cottage
D:3:      layout_basic, ebering_ecumenical_altar_mist
D:4:      layout_loops_ring, okawaru_metal_pillars_1_2, grunt_dithmenos_smoke,
          serial_shops, nicolae_book_shop_shelving, portal_sewer_entry_c,
          grunt_decor_arrowhead
D:5:      nicolae_BIG_FREAKIN_CUBE, layout_loops_ring,
          nemelex_dance_club_becter, enter_ossuary_3, minmay_door_square,
          minmay_misc_feat_alley, uniq_sigmund, uniq_grinder
D:6:      layout_rooms, minmay_temple_entry_poolview, ebering_ghost_sewer_f,
          nicolae_shop_gadgets
D:7:      layout_loops_ring, nicolae_hepliaklqana_hazy_memory,
          nicolae_gozag_cash_rules_everything_around_me,
          mainiacjoe_overflow_cross_hatched, lemuel_round_altar,
          hellmonk_guarded_unrand_frostbite, uniq_prince_ribbit1
D:8:      minmay_general_purpose_star, layout_basic, xom_confusion_cloud,
          nicolae_tso_besieged_by_evil, grunt_qazlal_clouds,
          gammafunk_ghost_spectres, kennysheep_cross_room, st_stairs_3
D:9:      layout_basic
D:10:     layout_long_grid, lightli_bailey_entry_fortress, lemuel_flame_loot_1
D:11:     layout_loops_ring, serial_shops, shop,
          hangedman_abyss_or_decor_lesser_grid, hangedman_batty, uniq_urug,
          uniq_erica
D:12:     layout_roguey [special_room_bee], orc_0_dummy, kennysheep_diamond,
          guppyfry_shop_earth, uniq_fannar
D:13:     layout_roguey, ximxim_vaults_locker_room, uniq_kirke
D:14:     layout_gridville, elyvilon_altar_4, minmay_guarded_unrand_zonguldrok
D:15:     hangedman_depths_entry_try_elsewhere_first, layout_rooms,
          nicolae_hexahallways, uniq_agnes
Lair:1:   layout_roguey, portal_ice_cave_entry_pillars_1
Lair:2:   cheibrodos_lair_river_kwai, layout_regular_city,
          infiniplex_staircase_pool
Lair:3:   layout_regular_city, elwin_shoals_entry_stream,
          guppyfry_snake_entry_island, maelrawn_ghost_gauntlet_escape,
          cheibrodos_lair_reptile_den
Lair:4:   layout_small_grid, dpeg_slime_entry_enclosed
Lair:5:   minmay_lair_end_enchanted_forest, layout_long_grid, uniq_sonja
Shoals:1: layout_shoals, uniq_nikola
Shoals:2: layout_shoals, serial_shops, nicolae_shop_rolling_square
Shoals:3: layout_shoals, serial_shops, shop
Shoals:4: shoals_end_grunt_garden, layout_shoals, nicolae_shoals_wave_tunnel
Snake:1:  layout_onion, special_room, minmay_shoptagon, serial_bayou_shore_b,
          grunt_megastairs_4
Snake:2:  layout_misc_corridors, uniq_donald
Snake:3:  layout_onion_interference, basic_altar, nrook_guardian_serpent_double
Snake:4:  hellmonk_snake_rune_quicksilver_temple, layout_cave_town,
          nicolae_snake_gridmaze_swirls, serial_bayou_shore_b
Orc:1:    minmay_goldmine, layout_caves, uniq_josephine
Orc:2:    st_orc_open, layout_caves, basic_altar
Vaults:1: v_misc_10, nicolae_vaults_closet_pinwheel_2, hangedman_vaults_impose,
          nicolae_vaults_house_2, hangedman_vaults_trim,
          vaults_dpeg_encased_lava, nicolae_vaults_frosty_reception,
          v_pattern_3, v_alt_pattern_6, st_cells, v_misc_17,
          hangedman_vaults_corner_blocks, layout_vaults_ring
Vaults:2: minmay_crypt_entry_vampire_xt, nicolae_vaults_network_barrier,
          nicolae_vaults_little_squares_1, ontoclasm_vaults_chip,
          ontoclasm_vaults_shuriken, nicolae_vaults_oval_intersection,
          nicolae_vaults_diamond_1, v_misc_13, nicolae_vaults_tetromino_L_2,
          ontoclasm_vaults_ligature, layout_vaults_chaotic_city, serial_shops,
          nicolae_shop_hallway_plus
Vaults:3: portal_desolation_entry_garden, nicolae_vaults_little_ls,
          nicolae_vaults_back_hallway, nicolae_vaults_security_offices_4,
          nicolae_vaults_apartment_1, nicolae_vaults_network_s,
          nicolae_vaults_three_branches, hangedman_vaults_unwind, v_misc_27,
          nicolae_vaults_triangles, hangedman_vaults_stagger,
          nicolae_vaults_tetromino_Z_1, vaults_room_large_hall,
          layout_vaults_omnibox
Vaults:4: vaults_dpeg_diagonal, serial_ice_g, v_misc_31,
          nicolae_vaults_trapezoid_1, nicolae_vaults_double_plus_3,
          dpeg_vaults_monster_box, nicolae_vaults_fighting_squares, v_pattern_5,
          vaults_room_semicircle, vaults_dpeg_ring, hangedman_vaults_slice,
          layout_vaults_omnicross, serial_shops, shop
Vaults:5
Crypt:1:  layout_gridlike, amcnicky_mini_rare_corridor_liquid,
          grunt_crypt_arrival_guarded_gate
Depths:1: layout_honeycomb, hangedman_glass_teeth,
          gammafunk_ghost_abyssal_escape, hell_entry, kennysheep_two_boxes
Depths:2: nicolae_whirlpool, layout_honeycomb, enter_ziggurat_d,
          grunt_hell_entry_dis_mu, roderic_roman_lattice, pan_entry,
          minmay_staircase_bubble
Depths:3: minmay_the_grid_triangle_9x9_rhombus_full
          [minmay_the_grid_triangle_9x9_stretched_checkered,
          minmay_the_grid_triangle_9x9_empty,
          minmay_the_grid_triangle_9x9_from_above,
          minmay_the_grid_triangle_9x9_warning,
          minmay_the_grid_triangle_9x9_pentomino_pain,
          minmay_the_grid_triangle_9x9_descending_squares,
          minmay_the_grid_triangle_9x9_shrine,
          minmay_the_grid_triangle_9x9_prize_top_heavy], layout_basic,
          hell_entry, grunt_decor_fettered, enter_trove_5, abyss_entry
Depths:4: grunt_zot_entry_alcove, layout_gridlike,
          nicolae_kikubaaqudgha_miasma_corner, hell_entry, grunt_megastairs_5,
          uniq_frederick
Zot:1:    layout_onion_interference, ebering_ghost_gozag
Zot:2:    layout_concentric_octagons, st_single_dragon_hoard_2,
          st_small_dragon_hoard_2, drop_trap
Zot:3:    layout_concentric_octagons, uniq_grunn
Zot:4:    gammafunk_mikee_crab_dinner, layout_gridlike
Zot:5:    layout_misc_corridors, st_stairs_6

Skill      XL: |  1  2  3  4  5  6  7  8  9 10 11 12 13 14 15 16 17 18 19 20 21 22 23 24 |
---------------+-------------------------------------------------------------------------+-----
Long Blades    | 3 4 5 6 7 9 10 12 13 15 | 15.2
Fighting       | 4 5 6 7 8 9 11 12 13 14 16 17 18 19 20 21 22 23 25 26 | 26.7
Armour         | 4 5 6 7 8 9 11 12 13 14 16 17 18 19 20 21 22 23 26 27 | 27.0
Shields        | 4 5 6 7 8 |  8.8
Invocations    | 1 2 4 5 6 8 9 10 11 12 13 14 | 14.3
Axes           | 6 9 12 14 16 18 19 20 21 22 23 24 | 24.0
Dodging        | 5 7 10 11 13 15 17 18 20 | 20.6

Action                     |  1- 3 |  4- 6 |  7- 9 | 10-12 | 13-15 | 16-18 | 19-21 | 22-24 || total
---------------------------+-------+-------+-------+-------+-------+-------+-------+-------++-------
  Melee: Long sword        |    96 |    81 |   193 |   304 |     5 |       |       |       ||   679
         Headbutt          |    14 |    26 |    72 |   108 |   142 |   349 |   283 |   336 ||  1330
         Rapier            |       |    63 |   186 |       |       |       |       |       ||   249
         Executioner's axe |       |       |       |   253 |   719 |   616 |  1046 |   912 ||  3546
         Double sword      |       |       |       |       |       |   699 |       |       ||   699
 Invoke: Heroism           |       |       |     6 |    11 |     8 |     6 |     5 |     5 ||    41
         Finesse           |       |       |       |       |     8 |    10 |     4 |    12 ||    34
         Duel              |       |       |       |       |       |     1 |       |       ||     1
  Evoke: Wand              |       |       |     1 |     3 |       |    11 |       |     3 ||    18
    Use: Scroll            |       |     4 |    14 |     6 |       |     5 |     4 |     4 ||    37
         Potion            |       |     1 |     3 |     3 |     4 |     2 |       |    12 ||    25
   Stab: Distracted        |       |       |       |       |       |       |       |     1 ||     1
 Armour: Scale mail        |    38 |    67 |     4 |       |       |       |       |       ||   109
         Plate armour      |       |       |   179 |   303 |   393 |    13 |   435 |   337 ||  1660
         Skin              |       |       |    10 |       |       |       |       |       ||    10
         Chain mail        |       |       |       |       |       |   495 |    22 |       ||   517
  Dodge: Dodged            |    46 |    81 |    96 |   299 |   374 |   859 |   441 |   461 ||  2657
  Block: Buckler           |    23 |    45 |    86 |    79 |       |       |       |       ||   233
         Other             |       |       |       |       |    47 |    86 |   125 |    99 ||   357
         Reflection        |       |       |       |       |     2 |    59 |    15 |     8 ||    84
         Kite shield       |       |       |       |       |       |   519 |       |       ||   519
Riposte: Executioner's axe |       |       |       |       |       |       |       |    82 ||    82

Table legend: (Time is in decaauts)
 A = Elapsed time spent in this place.
 B = Non-inter-level travel time spent in this place.
 C = Inter-level travel time spent in this place.
 D = Time resting spent in this place.
 E = Time spent auto-exploring this place.
 F = Levels seen in this place.
 G = Mean time per level.
                   A        B        C        D        E       F      G
               +--------+--------+--------+--------+--------+-----+--------+
         Total |  54992 |  50642 |   4350 |   9441 |  29868 |  51 | 1078.3 |
       Dungeon |  18278 |  16140 |   2138 |   2424 |  10418 |  15 | 1218.5 |
          Lair |   6888 |   6381 |    507 |   1591 |   3676 |   5 | 1377.6 |
        Shoals |   4062 |   3862 |    200 |    517 |   1853 |   4 | 1015.5 |
     Snake Pit |   6528 |   6354 |    174 |   2320 |   2868 |   4 | 1632.0 |
  Orcish Mines |    989 |    874 |    115 |      2 |    706 |   2 |  494.5 |
        Vaults |   8227 |   7493 |    734 |    656 |   5472 |   5 | 1645.4 |
         Crypt |      1 |      1 |      0 |      0 |      0 |   1 |    1.0 |
        Depths |   5865 |   5464 |    401 |    917 |   3607 |   4 | 1466.2 |
           Zot |   2167 |   2089 |     78 |    629 |    679 |   5 |  433.4 |
         Sewer |    101 |    101 |      0 |      0 |      0 |   1 |  101.0 |
       Ossuary |    295 |    295 |      0 |     41 |     70 |   1 |  295.0 |
        Bailey |    378 |    378 |      0 |     45 |    174 |   1 |  378.0 |
      Ice Cave |    252 |    252 |      0 |    139 |      0 |   1 |  252.0 |
    Desolation |    938 |    938 |      0 |    146 |    344 |   1 |  938.0 |
         Arena |     18 |     18 |      0 |     12 |      0 |   1 |   18.0 |
               +--------+--------+--------+--------+--------+-----+--------+

Top non-repeatable levels by time:
 Snake:4: 2152 daAuts
Vaults:5: 2045 daAuts
     D:7: 2009 daAuts
  Lair:3: 1976 daAuts
     D:8: 1896 daAuts
Depths:3: 1872 daAuts
  Lair:2: 1813 daAuts
 Snake:2: 1703 daAuts
Vaults:3: 1662 daAuts
Vaults:2: 1570 daAuts
    D:12: 1549 daAuts
Vaults:4: 1508 daAuts
Depths:4: 1474 daAuts
Vaults:1: 1440 daAuts
 Snake:1: 1339 daAuts
